 Dungeon Crawl Stone Soup version 0.19.1 (webtiles) character file.

24710 Menchi the Blocker (level 13, -4/144 HPs)
             Began as a Formicid Skald on Dec 15, 2016.
             Was a High Priest of the Shining One.
             Engulfed by a fire crab's flame (12 damage)
             ... in a volcano on Dec 16, 2016.
             The game lasted 01:07:38 (17982 turns).

Menchi the Blocker (Formicid Skald)                Turns: 17982, Time: 01:07:39

Health: -4/144     AC: 26    Str: 20    XL:     13   Next: 44%
Magic:  19/19      EV:  2    Int: 15    God:    the Shining One [*****.]
Gold:   709        SH: 12    Dex: 13    Spells: 1 memorised, 19 levels left

rFire  . . .     SeeInvis .     m - +7 spear of Agachoin {pierce, rC+ rN+ Str+2 Int+2}
rCold  + . .     Gourm    .     (armour currently unavailable)
rNeg   + + +     Faith    .     t - +0 shield
rPois  +         Spirit   .     (helmet unavailable)
rElec  .         Reflect  .     (cloak currently unavailable)
rCorr  +         Harm     .     (gloves currently unavailable)
MR     +....                    (boots currently unavailable)
Stlth  +.........               (no amulet)
                                k - ring of flight
                                z - ring of resist corrosion

@: tree-form, starving, glowing
A: permanent stasis, dig shafts and tunnels, four strong arms, (antennae 0),
(large bone plates 0)
a: Divine Shield, Cleansing Flame, Summon Divine Warrior, Renounce Religion


You were in a volcano.
You worshipped the Shining One.
The Shining One was extremely pleased with you.
You were starving.
You were a tree.
You visited 3 branches of the dungeon, and saw 16 of its levels.
You also visited: Volcano.

You collected 1241 gold pieces.
You spent 532 gold pieces at shops.

Inventory:

Hand Weapons
 m - the +7 spear of Agachoin (weapon) {pierce, rC+ rN+ Str+2 Int+2}
   (You found it on level 5 of the Dungeon)

   It inflicts extra damage upon your enemies.
   It affects your strength (+2).
   It affects your intelligence (+2).
   It protects you from cold.
   It protects you from negative energy.
 p - a +2 falchion of electrocution
 D - the +4 hand axe of the Secret Suns {freeze, rElec}
   (You found it on level 9 of the Dungeon)

   It has been specially enchanted to freeze those struck by it, causing extra
   injury to most foes and up to half again as much damage against particularly
   susceptible opponents.
   It can also slow down cold-blooded creatures.
   It insulates you from electricity.
Armour
 a - the +1 ring mail "Vungiv" (melded) {+Blink +Fly Dex+4}
   (You found it on level 4 of the Dungeon)

   It affects your dexterity (+4).
   It lets you fly.
   It lets you blink.
 i - a +2 cloak (melded)
 t - a +0 shield (worn)
 v - a +0 ring mail of cold resistance
 A - a +1 pair of gloves (melded)
Jewellery
 k - a ring of flight (right branch)
 z - a ring of resist corrosion (left branch)
Wands
 q - a wand of polymorph (14/24)
 y - a wand of polymorph (18/24)
 C - a wand of disintegration (18/24)
 F - a wand of acid (1/15)
 G - a wand of acid (2/15)
 I - a wand of slowing (23/48)
 J - a wand of confusion (35/48)
Scrolls
 e - 4 scrolls of amnesia
 h - 3 scrolls of magic mapping
 n - 5 scrolls of enchant armour
 u - 5 scrolls of identify
 w - 4 scrolls of remove curse
 x - 4 scrolls of enchant weapon
Potions
 j - 2 potions of agility
 l - 4 potions of brilliance
 o - a potion of cancellation
 H - a potion of magic {unknown}
 K - a potion of degeneration {unknown}
Books
 c - a book of Battle

   Spells                             Type                      Level
   a - Infusion                       Charms                       1
   b - Shroud of Golubria             Charms/Translocation         2
   c - Song of Slaying                Charms                       2
   d - Spectral Weapon                Hexes/Charms                 3
   e - Regeneration                   Charms/Necromancy            3
Comestibles
 b - 10 beef jerkies
 d - 6 bread rations
 f - 6 meat rations
 r - 18 fruits
 s - 2 slices of pizza
 B - 6 royal jellies


   Skills:
 + Level 7.4 Fighting
 * Level 10.7 Long Blades
 + Level 10.2 Polearms
 * Level 9.3 Armour
 + Level 6.0 Dodging
 - Level 0.6 Stealth
 * Level 10.8 Shields
 + Level 4.1 Spellcasting
 + Level 4.6 Charms
 + Level 1.8 Evocations


You had 19 spell levels left.
You knew the following spells:

 Your Spells              Type           Power        Failure   Level  Hunger
a - Infusion              Chrm           ###.         2%          1    None


Dungeon Overview and Level Annotations

Branches:
Dungeon (11/15)            Temple (0/1) D:6            Lair (3/6) D:8
    Orc (2/2) D:11
  Swamp: Lair:2-4    Shoals: Lair:2-4     Snake: Lair:2-4    Spider: Lair:2-4
    Elf: Orc:2

Altars:
Fedhas
Nemelex Xobeh
Qazlal
Vehumet
Xom
The Shining One
Beogh

Shops:
D:5 ?   Orc:1 ?   Orc:2 (%


Innate Abilities, Weirdness & Mutations

You are under a permanent stasis effect.
You can dig through walls and to a lower floor.
Your four strong arms can wield two-handed weapons with a shield.
((You have a pair of large antennae on your head. (SInv)))
((You are partially covered in large bone plates. (SH +4)))


Message History

The fire crab claws you but does no damage.
You are too injured to fight recklessly!
You are too injured to fight recklessly!
You are too injured to fight recklessly!
You hit the fire crab but do no damage.
The fire crab is lightly wounded.
The fire crab breathes flames at you. The blast of flame engulfs you!
* * * LOW HITPOINT WARNING * * *
You hit the fire crab.
The fire crab is moderately wounded.
You are engulfed in roaring flames.
* * * LOW HITPOINT WARNING * * *
You block the fire crab's attack. x2
You puncture the fire crab!
The fire crab is heavily wounded.
You are engulfed in roaring flames.
* * * LOW HITPOINT WARNING * * *
You feel better.
You are engulfed in roaring flames.
You die...

###....≈≈≈≈.§
##....≈≈§≈≈≈≈≈≈≈
#.....≈§§§≈≈≈≈§§
##.....§§≈≈≈≈≈§§
#....≈≈§§≈≈§≈≈≈≈
###.....≈≈§§§≈§§
#......§§≈.§≈§≈≈
#..###....§§§.....
#..# #####♣######
## ###t## #.#§#§#
#t§!## #§![§.#
#≈§≈!.≈§≈#
##≈≈≈≈≈≈##
##≈≈≈§## #§§###


You could see a fire crab.

Vanquished Creatures
  Fannar (D:10)
  2 hydras (Lair:1)
  The ghost of Perturabo the Carver, a novice HOFi of Beogh (D:6)
  An unseen horror (D:9)
  A hill giant (D:11)
  3 orc knights (Orc:2)
  2 cyclopes
  3 orc sorcerers (Orc:2)
  A manticore (D:11)
  2 black mambas (Lair:1)
  6 spiny frogs
  2 komodo dragons
  A two-headed ogre (Orc:2)
  5 hippogriffs
  Prince Ribbit (D:6)
  Grinder (D:4)
  3 blink frogs (Lair:2)
  Sigmund (D:4)
  A vampire (D:11)
  A wyvern (D:8)
  Eustachio (D:6)
  6 yaks (Lair:2)
  3 fire bats (Volcano)
  4 hungry ghosts
  2 basilisks (Lair:2)
  3 wargs
  2 soldier ants (D:9)
  5 water moccasins
  Duvessa (D:4)
  4 porcupines
  An ice beast (D:9)
  21 orc warriors
  3 sky beasts
  A black bear (D:6)
  2 phantoms
  An eye of draining (D:10)
  11 ogres
  6 wolves (Lair:1)
  3 centaurs
  6 crocodiles
  A big kobold (D:11)
  11 bullfrogs
  Dowan (D:4)
  2 scorpions
  10 killer bees
  10 wights
  2 howler monkeys
  An electric eel (D:9)
  7 crimson imps
  A centaur zombie (D:5)
  A bullfrog zombie (D:9)
  2 quasits
  A bullfrog skeleton (D:5)
  3 hounds
  Crazy Yiuf (D:3)
  A jelly (D:9)
  12 orc priests
  A centaur skeleton (D:9)
  8 orc wizards
  Ijyb (D:3)
  2 iguanas (D:11)
  9 worker ants
  A killer bee zombie (D:10)
  2 hound skeletons (D:4)
  A worker ant zombie (D:9)
  7 gnolls
  9 adders
  2 shadow imps
  An ooze (D:7)
  An adder skeleton (D:8)
  2 adder zombies (D:6)
  4 worms
  4 dart slugs
  9 leopard geckos
  92 orcs
  10 bats
  4 giant cockroaches
  2 goblins (D:1)
  8 hobgoblins
  18 jackals
  13 kobolds
  6 quokkas
  6 frilled lizards
  A leopard gecko skeleton (D:5)
  A leopard gecko zombie (D:7)
  9 rats
  2 fungi (D:8)
428 creatures vanquished.

Notes
Turn   | Place    | Note
-------+----------+-------------------------------------------
     0 | D:1      | Menchi the Formicid Skald began the quest for the Orb.
     0 | D:1      | Reached XP level 1. HP: 16/16 MP: 3/3
   535 | D:1      | Reached XP level 2. HP: 20/22 MP: 5/5
   729 | D:1      | Reached skill level 1 in Dodging
   766 | D:1      | Reached XP level 3. HP: 27/27 MP: 6/6
  1372 | D:2      | Reached XP level 4. HP: 33/33 MP: 2/7
  1491 | D:2      | Found a glowing golden altar of the Shining One.
  1501 | D:2      | Became a worshipper of the Shining One
  2494 | D:3      | Found a runed door.
  2627 | D:3      | Noticed Ijyb
  2638 | D:3      | Killed Ijyb
  2638 | D:3      | Reached XP level 5. HP: 35/39 MP: 3/8
  2869 | D:3      | Noticed Crazy Yiuf
  2878 | D:3      | Killed Crazy Yiuf
  2878 | D:3      | Reached skill level 1 in Shields
  3214 | D:4      | Got a spiked ring mail
  3225 | D:4      | Identified the +1 ring mail "Vungiv" {+Blink +Fly Dex+4} (You found it on level 4 of the Dungeon)
  3347 | D:4      | Noticed Dowan
  3348 | D:4      | Noticed Duvessa
  3363 | D:4      | Killed Duvessa
  3363 | D:4      | Reached XP level 6. HP: 29/46 MP: 5/9
  3375 | D:4      | Killed Dowan
  3712 | D:4      | Reached skill level 5 in Long Blades
  3712 | D:4      | Reached XP level 7. HP: 40/51 MP: 4/10
  3714 | D:4      | Noticed Sigmund
  3723 | D:4      | Killed Sigmund
  3919 | D:4      | Noticed Grinder
  3927 | D:4      | Killed Grinder
  3927 | D:4      | Reached XP level 8. HP: 48/58 MP: 7/11
  4297 | D:5      | Entered Level 5 of the Dungeon
  4441 | D:5      | Reached * piety under the Shining One
  4555 | D:5      | Found Soluh's Magic Scroll Emporium.
  4585 | D:5      | Bought a scroll of enchant armour for 82 gold pieces
  4585 | D:5      | Bought a scroll of identify for 22 gold pieces
  4585 | D:5      | Bought a scroll of remove curse for 33 gold pieces
  4585 | D:5      | Bought a scroll of enchant weapon for 82 gold pieces
  4585 | D:5      | Bought a scroll of identify for 22 gold pieces
  4767 | D:5      | Got a twisted spear
  4768 | D:5      | Identified the +7 spear of Agachoin {pierce, rC+ rN+ Str+2 Int+2} (You found it on level 5 of the Dungeon)
  5213 | D:6      | Reached skill level 1 in Polearms
  5218 | D:6      | Noticed Perturabo's ghost (novice HOFi)
  5220 | D:6      | Noticed Eustachio
  5258 | D:6      | Killed Perturabo's ghost
  5258 | D:6      | Reached XP level 9. HP: 24/65 MP: 11/13
  5271 | D:6      | Killed Eustachio
  5525 | D:6      | Reached skill level 5 in Armour
  5675 | D:6      | Reached skill level 5 in Shields
  5728 | D:6      | Noticed Prince Ribbit
  5746 | D:6      | Killed Prince Ribbit
  6056 | D:6      | Found a staircase to the Ecumenical Temple.
  6169 | D:6      | Reached ** piety under the Shining One
  6695 | D:7      | Reached XP level 10. HP: 73/73 MP: 14/14
  7332 | D:7      | Reached skill level 5 in Polearms
  8138 | D:8      | Found a blossoming altar of Fedhas.
  8299 | D:8      | Found a staircase to the Lair.
  8826 | D:9      | Reached skill level 5 in Fighting
  9061 | D:9      | Noticed an unseen horror
  9069 | D:9      | Killed an unseen horror
  9172 | D:9      | Found a sparkling altar of Nemelex Xobeh.
  9173 | D:9      | Found a shimmering altar of Xom.
  9173 | D:9      | Found a radiant altar of Vehumet.
  9174 | D:9      | Found a stormy altar of Qazlal.
  9215 | D:9      | Got a crystal hand axe
  9216 | D:9      | Identified the +4 hand axe of the Secret Suns {freeze, rElec} (You found it on level 9 of the Dungeon)
  9696 | D:9      | Reached *** piety under the Shining One
  9735 | Lair:1   | Entered Level 1 of the Lair of Beasts
  9735 | Lair:1   | Noticed a black mamba
  9830 | D:10     | Entered Level 10 of the Dungeon
 10028 | D:10     | Reached XP level 11. HP: 80/80 MP: 12/15
 10388 | D:10     | Noticed Fannar
 10419 | D:10     | Killed Fannar
 10861 | D:11     | Reached **** piety under the Shining One
 10950 | D:11     | Gained mutation: You are partially covered in large bone plates. (SH +4) [potion of beneficial mutation]
 11080 | D:11     | Found a staircase to the Orcish Mines.
 11569 | D:11     | Noticed a hill giant
 11582 | D:11     | Killed a hill giant
 11857 | D:11     | Reached ***** piety under the Shining One
 12252 | D:11     | Noticed a cyclops
 12252 | D:11     | Noticed a cyclops
 12658 | Orc:1    | Entered Level 1 of the Orcish Mines
 12863 | Orc:1    | Found Reacluwn's Magic Scroll Emporium.
 12876 | Orc:1    | Bought a scroll of enchant armour for 127 gold pieces
 12876 | Orc:1    | Bought a scroll of identify for 34 gold pieces
 12876 | Orc:1    | Bought a scroll of identify for 34 gold pieces
 13024 | Orc:2    | Entered Level 2 of the Orcish Mines
 13127 | Orc:2    | Reached skill level 5 in Dodging
 13155 | Orc:2    | Noticed an orc sorcerer
 13171 | Orc:2    | Killed an orc sorcerer
 13325 | Orc:2    | Noticed a cyclops
 13334 | Orc:2    | Killed a cyclops
 13334 | Orc:2    | Reached XP level 12. HP: 50/88 MP: 12/17
 13945 | Orc:2    | Found a roughly hewn altar of Beogh.
 13947 | Orc:2    | Found Pocets's Food Emporium.
 14068 | Orc:2    | Found Caoxzy Waxos's Antique Weapon Shoppe.
 14093 | Orc:2    | Bought a beef jerky for 18 gold pieces
 14093 | Orc:2    | Bought a bread ration for 60 gold pieces
 14093 | Orc:2    | Bought a beef jerky for 18 gold pieces
 14119 | Orc:2    | Reached skill level 1 in Evocations
 14296 | Orc:2    | Reached skill level 10 in Long Blades
 14415 | Orc:2    | Noticed an orc warlord
 15105 | Lair:1   | You fall through a shaft!
 15310 | Lair:1   | Reached skill level 10 in Shields
 15757 | Lair:1   | Noticed a five-headed hydra
 15766 | Lair:1   | Killed a five-headed hydra
 15766 | Lair:1   | Reached XP level 13. HP: 35/96 MP: 11/18
 16296 | Lair:1   | Noticed a six-headed hydra
 16303 | Lair:1   | Killed a six-headed hydra
 16993 | Lair:2   | Reached skill level 10 in Polearms
 17898 | Lair:3   | Found a dark tunnel.
 17918 | Volcano  | Entered a volcano
 17973 | Volcano  | HP: 1/96 [fire crab] (23)]
 17974 | Volcano  | The Shining One protects you from harm!
 17980 | Volcano  | HP: 6/144 [fire crab] (3)]
 17981 | Volcano  | HP: 1/144 [fire crab] (6)]
 17982 | Volcano  | Engulfed by a fire crab's flame

Skill      XL: |  1  2  3  4  5  6  7  8  9 10 11 12 13 |
---------------+----------------------------------------+-----
Dodging        | 1 2 3 4 5 6 |  6.0
Armour         | 2 3 4 5 6 7 8 9 |  9.3
Long Blades    | 3 4 5 6 7 8 9 10 | 10.7
Shields        | 1 2 4 5 6 8 10 | 10.8
Fighting       | 3 4 5 6 7 |  7.4
Polearms       | 2 4 6 7 9 10 | 10.2
Charms         | 4 |  4.6
Spellcasting   | 3 4 |  4.1
Evocations     | 1 |  1.8
Stealth        | |  0.6

Action                   |  1- 3 |  4- 6 |  7- 9 | 10-12 | 13-15 || total
-------------------------+-------+-------+-------+-------+-------++-------
Melee: Falchion          |   112 |   107 |    73 |       |       ||   292
       Spear             |       |       |   150 |   957 |   168 ||  1275
 Cast: Infusion          |     4 |     7 |     9 |    22 |     2 ||    44
 Abil: Dig               |       |     2 |     1 |    12 |     1 ||    16
Evoke: Wand              |       |       |       |    11 |     8 ||    19
  Use: Scroll            |       |     7 |     7 |     7 |     1 ||    22
       Potion            |       |     3 |     2 |     1 |     5 ||    11
  Eat: Chunk             |     2 |     7 |    11 |    24 |     5 ||    49
       Bread ration      |       |       |       |     1 |       ||     1
       Royal jelly       |       |       |       |     3 |       ||     3
Armor: Leather armour    |    41 |    26 |       |       |       ||    67
       Plate armour      |     6 |       |       |       |       ||     6
       Skin              |       |    26 |     4 |       |     3 ||    33
       Ring mail         |       |     6 |    42 |   151 |    17 ||   216
Dodge: Dodged            |    79 |    38 |    71 |   320 |    20 ||   528
Block: Buckler           |       |    22 |    48 |   336 |    14 ||   420
       Shield            |       |       |       |       |    59 ||    59
       Rpst.: Falchion   |    24 |     9 |     7 |       |       ||    40
